AoeStats
← 散步黑鵝

Arena

510060035Analyzed
4v4 RM · 2d ago on Sep 29, 2026· 25m 59s· 8 players
Game mode
Random Map
Map size
Large (8 player)
Population
200
Speed
Normal
Resources
Standard
Victory
Conquest
Starting age
Dark Age
Ending age
Imperial Age
RankedLock teamsTeams togetherTeam positionsShared explorationLock speedFull tech treeHidden civsTurbo modeCheats
Victory
Defeat
🇹🇼 Wei · Taiwan
2068
+5
🇹🇼 Spanish · Taiwan
2051
+5
🇹🇼 Cumans · Taiwan
1998
+7
🇹🇼 Italians · Taiwan
1720
+16
🇨🇳 Teutons · China
1819
-11
🇨🇳 Vietnamese · China
1756
-8
🇨🇳 Persians · China
1730
-7
🇨🇳 Saxons · China
1728
-7
154985415164
5:13 Loom
8:16 Feudal Age
马到成功
10:44 Feudal Age
14:33 Castle Age
13:14 Double-Bit Axe
15:36 Bow Saw
15:10 Horse Collar
17:38 Wheelbarrow
24:42 Loom
25:12 Hand Cart
28:20 Imperial Age
Emperor_Napoleon
6:32 Loom
8:51 Feudal Age
9:22 Double-Bit Axe
10:29 Fletching
17:48 Gold Mining
20:19 Castle Age
18:52 Horse Collar
21:14 Bow Saw
23:40 Scale Mail Armor
CNZS_醒醒
10:46 Feudal Age
12:58 Wheelbarrow
14:35 Castle Age
12:58 Double-Bit Axe
18:25 Horse Collar
20:37 Wheelbarrow
21:50 Heavy Plow
28:17 Imperial Age
25:41 Loom
ANKR.Navvy
8:09 Feudal Age
9:21 Double-Bit Axe
10:49 Horse Collar
14:25 Wheelbarrow
19:04 Castle Age
17:22 Gold Mining
18:38 Bloodlines
18:34 Scale Barding Armor
18:43 Forging
19:58 Bow Saw
19:49 Heavy Plow
23:35 Chain Barding Armor
25:15 Hand Cart
ANKR.Tank20089
9:26 Loom
11:28 Feudal Age
15:52 Castle Age
13:43 Double-Bit Axe
17:12 Bow Saw
17:09 Horse Collar
22:20 Fletching
24:32 Bodkin Arrow
26:28 Padded Archer Armor
散步黑鵝
5:22 Loom
16:02 Feudal Age
22:54 Castle Age
21:51 Double-Bit Axe
22:59 Horse Collar
24:57 Bow Saw
Rayz
8:26 Feudal Age
8:53 Horse Collar
8:58 Double-Bit Axe
13:21 Wheelbarrow
16:07 Castle Age
14:28 Gold Mining
20:26 Imperial Age
18:53 Bow Saw
19:24 Heavy Plow
20:03 Gold Shaft Mining
21:19 Hand Cart
Connection lost

Rejoining the realm…

Still unreachable

The connection could not be restored.

Session expired

The server has moved on; the page needs a fresh start.